 Dungeon Crawl Stone Soup version 0.17.1-3-g152610e (webtiles) character file.

177 Jerry the Shield-Bearer (level 5, -11/41 HPs)
             Began as a Formicid Fighter on Mar 8, 2016.
             Killed by divine providence
             ... invoked by an orc priest
              (14 damage)
             ... on level 6 of the Dungeon.
             The game lasted 00:11:17 (2973 turns).

Jerry the Shield-Bearer (Formicid Fighter)          Turns: 2973, Time: 00:11:17

Health: -11/41     AC:  7    Str: 22    XL:     5   Next: 87%
Magic:  14/14      EV:  9    Int:  7    God:
Gold:   191        SH: 11    Dex: 10    Spells: 0 memorised, 4 levels left

rFire  . . .     SeeInvis +     q - -2 hand axe (curse)
rCold  . . .     Clarity  .     m - +0 ring mail
rNeg   . . .     SustAt   .     c - +1 shield
rPois  .         Gourm    +     (helmet unavailable)
rElec  .         Spirit   .     (no cloak)
rCorr  .         Warding  .     t - +0 pair of gloves
rMut   .         Stasis   +     (no boots)
MR     .....                    k - amulet of the gourmand
Stlth  ..........               (no ring)
                                g - ring of magical power

@: not resistant to hostile enchantments, extremely unstealthy
A: permanent stasis, dig shafts and tunnels, four strong arms, antennae 3
a: Dig, Shaft Self


You were on level 6 of the Dungeon.
You were full.

You visited 1 branch of the dungeon, and saw 5 of its levels.

You collected 191 gold pieces.

Inventory:

Hand Weapons
 a - a +0 war axe
 q - a cursed -2 hand axe (weapon)
Armour
 b - a +0 scale mail
 c - a +1 shield (worn)
 m - a +0 ring mail (worn)
 t - a +0 pair of gloves (worn)
Jewellery
 g - a ring of magical power (left hand)
 k - an amulet of the gourmand (around neck)
Scrolls
 r - 2 scrolls of identify
 u - 2 scrolls of magic mapping
Potions
 h - a potion of haste {unknown}
 i - 2 potions of cure mutation
 j - 3 potions of poison {unknown}
 n - a potion of resistance
 p - a potion of lignification {unknown}
 s - a potion of magic {unknown}
Comestibles
 e - 3 bread rations
 l - 3 fruits
 o - a meat ration


   Skills:
 - Level 3.2 Fighting
 + Level 3.7 Axes
 + Level 4.5 Armour
 + Level 5.1 Shields


You had 4 spell levels left.
You didn't know any spells.

Dungeon Overview and Level Annotations

Branches:
Dungeon (7/15)
 Temple: D:4-7

Altars:

Annotations:
D:3 Grinder
D:6 Menkaure


Innate Abilities, Weirdness & Mutations

You are under a permanent stasis effect.
You can dig through walls and to a lower floor.
Your four strong arms can wield two-handed weapons with a shield.
You have a pair of large antennae on your head (SInv).


Message History

You hit the orc.
You kill the orc!
You hit the orc.
You kill the orc!
The orc warrior hits you with a war axe!!
You hit the orc warrior but do no damage.
You block the orc warrior's attack.
Your shield prevents you from hitting the orc warrior.
You closely miss the orc warrior. The orc warrior barely misses you.
You closely miss the orc warrior.
The orc warrior hits you with a war axe!
* * * LOW HITPOINT WARNING * * *
You completely miss the orc warrior. The orc warrior completely misses you.
You barely miss the orc warrior. You block the orc warrior's attack.
You barely miss the orc warrior. You completely miss Menkaure.
You block the orc warrior's attack. Menkaure hits you!
* * * LOW HITPOINT WARNING * * *
The orc priest invokes the aid of Beogh against you.
Something smites you!
You die...

.... #..# #..# ..#
.o# #o# #o# #@# #M#
#.#### #....# ##
####.# #.. #.# #.#
#.# #.# #.# #.#
######.########.####


You could see an orc warrior, Menkaure, an orc priest and an orc wizard
(invisible).

Vanquished Creatures
  A jelly (D:6)
  An iguana (D:3)
  A worker ant (D:7)
  3 adders
  A worm (D:3)
  4 giant geckos
  2 orcs (D:6)
  10 goblins
  8 hobgoblins
  8 kobolds
  A ball python (D:1)
  10 bats
  2 giant cockroaches
  2 giant newts
  2 quokkas
  8 rats
64 creatures vanquished.

Notes
Turn   | Place    | Note
--------------------------------------------------------------
     0 | D:1      | Jerry the Formicid Fighter began the quest for the Orb.
     0 | D:1      | Reached XP level 1. HP: 18/18 MP: 1/1
    93 | D:1      | Reached skill level 4 in Shields
    93 | D:1      | Reached XP level 2. HP: 24/24 MP: 2/2
   241 | D:1      | Reached XP level 3. HP: 26/29 MP: 3/3
   884 | D:2      | HP: 1/29 [poisoned by an adder]
  1130 | D:2      | Reached XP level 4. HP: 31/35 MP: 4/4
  1427 | D:3      | Found a faded altar to an unknown god.
  1858 | D:3      | Reached XP level 5. HP: 10/41 MP: 5/5
  2121 | D:3      | Noticed Grinder
  2132 | D:3      | You fall through a shaft for 3 floors!
  2412 | D:6      | Reached skill level 5 in Shields
  2415 | D:6      | Noticed Menkaure
  2960 | D:6      | Noticed an orc warrior
  2973 | D:6      | Killed from afar by an orc priest

Action                   |  1- 3 |  4- 6 || total
-------------------------+-------+-------++-------
Melee: War axe           |    87 |       ||    87
       Hand axe          |    44 |   186 ||   230
 Abil: Shaft Self        |       |     1 ||     1
  Use: Scroll            |     7 |     2 ||     9
       Potion            |     2 |     4 ||     6
  Eat: Chunk             |     5 |    10 ||    15
